TOP OF THE 1ST |
Springfield Stars batting - Pitching for Nassau Rockets : RHP Paço Boda
|
Pitching: RHP Paço Boda
|
|
Batting: RHB Norberto Taváres
|
0-0: Swinging Strike 0-1: Ball 1-1: Ball 2-1: Ball 3-1: Base on Balls
|
Batting: RHB Gabriel Erwin
|
0-0: Fielders Choice at 2nd, 1-6 (Groundball, P)
|
Batting: LHB Derek Davidson
|
0-0: Ball 1-0: Foul Ball, location: 2F 1-1: Ball 2-1: Called Strike 2-2: Strikes out looking
|
Batting: LHB Felipe Guerrero
|
0-0: Foul Ball, location: 2F 0-1: Ground out U3 (Groundball, 34)
|
Top of the 1st over - 0 runs, 0 hits, 0 errors, 1 left on base; Springfield 0 - Nassau 0 |
BOTTOM OF THE 1ST |
Nassau Rockets batting - Pitching for Springfield Stars : RHP Claudio Martínez
|
Pitching: RHP Claudio Martínez
|
|
Batting: LHB Andrew Alvarado
|
0-0: Called Strike 0-1: Ball 1-1: Ball 2-1: Ball 3-1: Base on Balls
|
Batting: LHB Juan Romero
|
0-0: Ball 1-0: SINGLE (Groundball, 34D) Andrew Alvarado to second Runner from 2nd tries for 3rd, SAFE, throw made to third
|
Batting: SHB Edgardo Osorio
|
0-0: Ball 1-0: Called Strike 1-1: Fly out, F7 (Flyball, 78M) Runner from 3rd tags up, SCORES, throw made
|
Batting: LHB Wilson Allen
|
0-0: Foul Ball, location: 2F 0-1: Called Strike 0-2: Foul Ball, location: 2F 0-2: Strikes out swinging
|
Batting: LHB Dusty Wilson
|
0-0: Fly out, F9 (Flyball, 9LS)
|
Bottom of the 1st over - 1 run, 1 hit, 0 errors, 1 left on base; Springfield 0 - Nassau 1 |
TOP OF THE 2ND |
Springfield Stars batting - Pitching for Nassau Rockets : RHP Paço Boda
|
Batting: LHB Elliott Newell
|
0-0: Swinging Strike 0-1: Foul Ball, location: 2F 0-2: Ball 1-2: Ball 2-2: Ground out 4-3 (Groundball, 34)
|
Batting: RHB Calvin Bennett
|
0-0: Ball 1-0: Called Strike 1-1: Swinging Strike 1-2: SINGLE (Line Drive, 8RS)
|
Batting: RHB Juan Carlos Rodríguez
|
0-0: Ball Calvin Bennett steals 2nd base 1-0: Swinging Strike 1-1: Foul Ball, location: 2F 1-2: Foul Ball, location: 2F 1-2: Strikes out swinging
|
Batting: LHB Mike Pearson
|
0-0: Called Strike 0-1: Ground out 3-1 (Groundball, 34S)
|
Top of the 2nd over - 0 runs, 1 hit, 0 errors, 1 left on base; Springfield 0 - Nassau 1 |
BOTTOM OF THE 2ND |
Nassau Rockets batting - Pitching for Springfield Stars : RHP Claudio Martínez
|
Batting: RHB Dexter Potter
|
0-0: Swinging Strike 0-1: Foul Ball, location: 2F 0-2: Ball 1-2: Ball 2-2: Foul Ball, location: 2F 2-2: Ball 3-2: Strikes out looking
|
Batting: RHB Jesús Villalobos
|
0-0: Foul Ball, location: 2F 0-1: Called Strike 0-2: Foul Ball, location: 2F 0-2: SINGLE (Groundball, 6MD)
|
Batting: RHB Aaron Wilson
|
0-0: Called Strike 0-1: Ball 1-1: Ball 2-1: Grounds into double play, 4-6-3 (Groundball, 4M)
|
Bottom of the 2nd over - 0 runs, 1 hit, 0 errors, 0 left on base; Springfield 0 - Nassau 1 |
TOP OF THE 3RD |
Springfield Stars batting - Pitching for Nassau Rockets : RHP Paço Boda
|
Batting: LHB Roberto Trujillo
|
0-0: Ball 1-0: Ball 2-0: Called Strike 2-1: Ball 3-1: Base on Balls
|
Batting: RHB Norberto Taváres
|
0-0: Ball 1-0: Swinging Strike 1-1: Called Strike 1-2: Strikes out swinging
|
Batting: RHB Gabriel Erwin
|
0-0: Called Strike 0-1: Foul Ball, location: 2F 0-2: Ball 1-2: Ground out 5-3 (Groundball, 56S) Roberto Trujillo to second
|
Batting: LHB Derek Davidson
|
0-0: Ball 1-0: Foul Ball, location: 2F 1-1: Ball 2-1: Ball 3-1: Swinging Strike 3-2: Foul Ball, location: 2F 3-2: Foul Ball, location: 2F 3-2: Fly out, F9 (Flyball, 89D)
|
Top of the 3rd over - 0 runs, 0 hits, 0 errors, 1 left on base; Springfield 0 - Nassau 1 |
BOTTOM OF THE 3RD |
Nassau Rockets batting - Pitching for Springfield Stars : RHP Claudio Martínez
|
Batting: RHB Tommy Davenport
|
0-0: Called Strike 0-1: Foul Ball, location: 2F 0-2: Ball 1-2: Foul Ball, location: 2F 1-2: Strikes out swinging
|
Batting: LHB Andrew Alvarado
|
0-0: Ball 1-0: Foul Ball, location: 2F 1-1: Ball 2-1: Foul Ball, location: 2F 2-2: Foul Ball, location: 2F 2-2: Ground out U3 (Groundball, 3)
|
Batting: LHB Juan Romero
|
0-0: Foul Ball, location: 2F 0-1: Swinging Strike 0-2: Ball 1-2: SINGLE (Flyball, 34D)
|
Batting: SHB Edgardo Osorio
|
0-0: Ball 1-0: Ball 2-0: Fly out, F9 (Flyball, 89S)
|
Bottom of the 3rd over - 0 runs, 1 hit, 0 errors, 1 left on base; Springfield 0 - Nassau 1 |
TOP OF THE 4TH |
Springfield Stars batting - Pitching for Nassau Rockets : RHP Paço Boda
|
Batting: LHB Felipe Guerrero
|
0-0: Ball 1-0: Called Strike 1-1: Called Strike 1-2: Ball 2-2: Ball 3-2: Strikes out looking
|
Batting: LHB Elliott Newell
|
0-0: Foul Ball, location: 2F 0-1: SINGLE (Line Drive, 34D)
|
Batting: RHB Calvin Bennett
|
0-0: Ball 1-0: Called Strike 1-1: SINGLE (Flyball, 8RS) Elliott Newell to second
|
Batting: RHB Juan Carlos Rodríguez
|
0-0: Called Strike 0-1: Called Strike 0-2: Foul Ball, location: 2F 0-2: Foul Ball, location: 2F 0-2: Fly out, F8 (Flyball, 8RM)
|
Batting: LHB Mike Pearson
|
0-0: Ball 1-0: Swinging Strike 1-1: Ball 2-1: Fly out, F9 (Flyball, 9LMF)
|
Top of the 4th over - 0 runs, 2 hits, 0 errors, 2 left on base; Springfield 0 - Nassau 1 |
BOTTOM OF THE 4TH |
Nassau Rockets batting - Pitching for Springfield Stars : RHP Claudio Martínez
|
Batting: LHB Wilson Allen
|
0-0: Ball 1-0: Ball 2-0: Ball 3-0: Base on Balls
|
Batting: LHB Dusty Wilson
|
0-0: Called Strike 0-1: Foul Ball, location: 2F 0-2: Ball 1-2: Strikes out swinging
|
Batting: RHB Dexter Potter
|
0-0: Ball 1-0: DOUBLE (Flyball, 89XD) Wilson Allen to third Runner from 3rd tries for Home, SAFE, throw made at trailing runner, OUT at third!
|
Batting: RHB Jesús Villalobos
|
0-0: Ball 1-0: Foul Ball, location: 2F 1-1: Ball 2-1: Ground out 5-3 (Groundball, 5S)
|
Bottom of the 4th over - 1 run, 1 hit, 0 errors, 0 left on base; Springfield 0 - Nassau 2 |
TOP OF THE 5TH |
Springfield Stars batting - Pitching for Nassau Rockets : RHP Paço Boda
|
Batting: LHB Roberto Trujillo
|
0-0: Ball 1-0: Foul Ball, location: 2F 1-1: SINGLE (Line Drive, 8LS)
|
Batting: RHB Norberto Taváres
|
0-0: Ball 1-0: Ball 2-0: Ball 3-0: Called Strike 3-1: Foul Ball, location: 2F 3-2: Strikes out looking
|
Batting: RHB Gabriel Erwin
|
0-0: Foul Ball, location: 2F 0-1: Ball 1-1: Ball 2-1: Swinging Strike 2-2: Ball 3-2: Reached on error, E4 (Groundball, 4) Roberto Trujillo to second
|
Batting: LHB Derek Davidson
|
0-0: Called Strike 0-1: Ball 1-1: Swinging Strike 1-2: Fly out, F3 (Popup, 3SF)
|
Batting: LHB Felipe Guerrero
|
0-0: Called Strike 0-1: Called Strike 0-2: Ball 1-2: Ball 2-2: Foul Ball, location: 2F 2-2: Strikes out swinging
|
Top of the 5th over - 0 runs, 1 hit, 1 error, 2 left on base; Springfield 0 - Nassau 2 |
BOTTOM OF THE 5TH |
Nassau Rockets batting - Pitching for Springfield Stars : RHP Claudio Martínez
|
Batting: RHB Aaron Wilson
|
0-0: Ball 1-0: Foul Ball, location: 2F 1-1: Foul Ball, location: 2F 1-2: Ball 2-2: Ball 3-2: Foul Ball, location: 2F 3-2: Strikes out swinging
|
Batting: RHB Tommy Davenport
|
0-0: Called Strike 0-1: Called Strike 0-2: Ball 1-2: Ball 2-2: Foul Ball, location: 2F 2-2: SOLO HOME RUN (Flyball, 7LD), Distance : 340 ft
|
Batting: LHB Andrew Alvarado
|
0-0: Hit by Pitch
|
Batting: LHB Juan Romero
|
0-0: Ball 1-0: Called Strike 1-1: 2-RUN HOME RUN (Flyball, 78XD), Distance : 382 ft
|
Batting: SHB Edgardo Osorio
|
0-0: Ball 1-0: Ground out U3 (Groundball, 34)
|
Batting: LHB Wilson Allen
|
0-0: Called Strike 0-1: Ball 1-1: Ball 2-1: Foul Ball, location: 2F 2-2: Fly out, F8 (Flyball, 8RD)
|
Bottom of the 5th over - 3 runs, 2 hits, 0 errors, 0 left on base; Springfield 0 - Nassau 5 |
TOP OF THE 6TH |
Springfield Stars batting - Pitching for Nassau Rockets : RHP Paço Boda
|
Batting: LHB Elliott Newell
|
0-0: Called Strike 0-1: Called Strike 0-2: Ball 1-2: Ball 2-2: Ball 3-2: Foul Ball, location: 2F 3-2: Base on Balls
|
Batting: RHB Calvin Bennett
|
0-0: Ball 1-0: Ball 2-0: Ball 3-0: Base on Balls Elliott Newell to second
|
Pitching: RHP Suezo Morimoto
|
|
Batting: RHB Juan Carlos Rodríguez
|
0-0: Ball 1-0: Fly out, F6 (Flyball, 6MD)
|
Batting: LHB Mike Pearson
|
0-0: Ball 1-0: Ball 2-0: Foul Ball, location: 2F 2-1: Ball 3-1: Base on Balls Elliott Newell to third Calvin Bennett to second
|
Batting: LHB Roberto Trujillo
|
0-0: Ball 1-0: Called Strike 1-1: Grounds into double play, 4-6-3 (Groundball, 4)
|
Top of the 6th over - 0 runs, 0 hits, 0 errors, 2 left on base; Springfield 0 - Nassau 5 |
BOTTOM OF THE 6TH |
Nassau Rockets batting - Pitching for Springfield Stars : RHP Claudio Martínez
|
Pitching: LHP Valentín Reséndez
|
|
Batting: LHB Dusty Wilson
|
0-0: Foul Ball, location: 2F 0-1: Foul Ball, location: 2F 0-2: Strikes out swinging
|
Batting: RHB Dexter Potter
|
0-0: Fly out, F7 (Line Drive, 78S)
|
Batting: RHB Jesús Villalobos
|
0-0: Ball 1-0: Ball 2-0: Called Strike 2-1: Ball 3-1: Fly out, F7 (Flyball, 7)
|
Bottom of the 6th over - 0 runs, 0 hits, 0 errors, 0 left on base; Springfield 0 - Nassau 5 |
TOP OF THE 7TH |
Springfield Stars batting - Pitching for Nassau Rockets : RHP Suezo Morimoto
|
Batting: RHB Norberto Taváres
|
0-0: Called Strike 0-1: Ball 1-1: Swinging Strike 1-2: Ball 2-2: Ball 3-2: Strikes out looking
|
Batting: RHB Gabriel Erwin
|
0-0: Foul Ball, location: 2F 0-1: Ball 1-1: Ball 2-1: Called Strike 2-2: Foul Ball, location: 2F 2-2: Foul Ball, location: 2F 2-2: Strikes out looking
|
Batting: LHB Derek Davidson
|
0-0: Ball 1-0: Called Strike 1-1: Ball 2-1: Ball 3-1: Foul Ball, location: 2F 3-2: Foul Ball, location: 2F 3-2: DOUBLE (Flyball, 8RXD)
|
Batting: LHB Felipe Guerrero
|
0-0: Called Strike 0-1: Ball 1-1: Ball 2-1: Ball 3-1: Swinging Strike 3-2: Base on Balls
|
Batting: LHB Elliott Newell
|
0-0: Ball 1-0: Ball 2-0: Called Strike 2-1: Ground out 5-3 (Groundball, 56S)
|
Top of the 7th over - 0 runs, 1 hit, 0 errors, 2 left on base; Springfield 0 - Nassau 5 |
BOTTOM OF THE 7TH |
Nassau Rockets batting - Pitching for Springfield Stars : LHP Valentín Reséndez
|
Batting: RHB Aaron Wilson
|
0-0: Called Strike 0-1: SINGLE (Groundball, 34D)
|
Batting: RHB Tommy Davenport
|
0-0: Called Strike 0-1: Grounds into double play, 1-6-3 (Groundball, 13)
|
Batting: LHB Andrew Alvarado
|
0-0: Ball 1-0: SINGLE (Flyball, 5D)
|
Batting: LHB Juan Romero
|
0-0: Ball 1-0: Swinging Strike 1-1: Swinging Strike 1-2: Strikes out swinging
|
Bottom of the 7th over - 0 runs, 2 hits, 0 errors, 1 left on base; Springfield 0 - Nassau 5 |
TOP OF THE 8TH |
Springfield Stars batting - Pitching for Nassau Rockets : RHP Suezo Morimoto
|
Batting: RHB Calvin Bennett
|
0-0: Ball 1-0: Called Strike 1-1: Foul Ball, location: 2F 1-2: Ball 2-2: Ball 3-2: Foul Ball, location: 2F 3-2: Foul Ball, location: 2F 3-2: SOLO HOME RUN (Flyball, 7D), Distance : 350 ft
|
Batting: RHB Juan Carlos Rodríguez
|
0-0: Ball 1-0: Foul Ball, location: 2F 1-1: Ball 2-1: Foul Ball, location: 2F 2-2: Foul Ball, location: 2F 2-2: Ball 3-2: Foul Ball, location: 2F 3-2: Base on Balls
|
Pitching: RHP Chris Marshall
|
|
Batting: LHB Mike Pearson
|
0-0: Ball 1-0: Ball 2-0: Called Strike 2-1: Foul Ball, location: 2F 2-2: Strikes out looking
|
Batting: LHB Roberto Trujillo
|
0-0: Foul Ball, location: 2F 0-1: Fly out, F7 (Flyball, 7LM)
|
Batting: RHB Norberto Taváres
|
0-0: Ground out 6-3 (Groundball, 6S)
|
Top of the 8th over - 1 run, 1 hit, 0 errors, 1 left on base; Springfield 1 - Nassau 5 |
BOTTOM OF THE 8TH |
Nassau Rockets batting - Pitching for Springfield Stars : LHP Valentín Reséndez
|
Batting: SHB Edgardo Osorio
|
0-0: Ball 1-0: Ball 2-0: Called Strike 2-1: Foul Ball, location: 2F 2-2: Ground out 5-3 (Groundball, 56)
|
Batting: LHB Wilson Allen
|
0-0: Ball 1-0: Ball 2-0: Ball 3-0: Base on Balls
|
Batting: LHB Dusty Wilson
|
0-0: Foul Ball, location: 2F 0-1: Foul Ball, location: 2F 0-2: Strikes out swinging
|
Batting: RHB Dexter Potter
|
0-0: Ball 1-0: Ground out 4-3 (Groundball, 4)
|
Bottom of the 8th over - 0 runs, 0 hits, 0 errors, 1 left on base; Springfield 1 - Nassau 5 |
TOP OF THE 9TH |
Springfield Stars batting - Pitching for Nassau Rockets : RHP Chris Marshall
|
Pitching: LHP Joaquín Gonzáles
|
|
Batting: RHB Gabriel Erwin
|
0-0: Called Strike 0-1: Ball 1-1: Foul Ball, location: 2F 1-2: Strikes out swinging
|
Batting: LHB Derek Davidson
|
0-0: Called Strike 0-1: Ball 1-1: Foul Ball, location: 2F 1-2: Strikes out swinging
|
Batting: LHB Felipe Guerrero
|
0-0: Foul Ball, location: 2F 0-1: Foul Ball, location: 2F 0-2: Strikes out swinging
|
Top of the 9th over - 0 runs, 0 hits, 0 errors, 0 left on base; Springfield 1 - Nassau 5 |
|